 Dungeon Crawl Stone Soup version 0.26.1-11-gd32895ea62 (webtiles) character file.

Game seed: 8274501998262586253

15411 Zeld the Basher (level 12, -16/104 HPs)
             Began as a Black Draconian Gladiator on June 10, 2021.
             Was a Believer of Okawaru.
             Demolished by a phantasmal warrior (21 damage)
             ... led by a death knight
             ... on level 11 of the Dungeon.
             The game lasted 00:42:10 (37258 turns).

Zeld the Basher (Black Draconian Gladiator)        Turns: 37258, Time: 00:42:11

Health: -16/104    AC:  9    Str: 21    XL:     12   Next: 1%
Magic:  13/13      EV: 17    Int:  9    God:    Okawaru [**....]
Gold:   395        SH:  0    Dex: 13    Spells: 11/11 levels left

rFire    . . .     SeeInvis .   a - +5 flail
rCold    . . .     Faith    .   (no shield)
rNeg     . . .     Spirit   .   (armour unavailable)
rPois    .         Reflect  .   b - +1 hat
rElec    +         Harm     .   l - scarf {+Inv}
rCorr    .         Rampage  .   (no gloves)
Will     .....                  (no boots)
Stlth    +.........             (no amulet)
HPRegen  0.27/turn              (no ring)
MPRegen  0.13/turn              (no ring)

@: no status effects
A: breathe lightning, unfitting armour, electricity resistance, cold-blooded, AC
+8
a: Breathe Lightning, Renounce Religion, Evoke Invisibility, Heroism


You were on level 11 of the Dungeon.
You worshipped Okawaru.
Okawaru was pleased with you.
You visited 1 branch of the dungeon, and saw 12 of its levels.
You also visited: Trove and Sewer.

You collected 703 gold pieces.
You spent 308 gold pieces at shops.

Inventory:

Hand Weapons
 a - a +5 flail (weapon)
Missiles
 c - 15 poisoned darts
 e - 4 javelins
 g - 336 stones (quivered)
 n - 28 boomerangs
 o - 2 throwing nets
Armour
 b - a +1 hat (worn)
 l - a scarf of invisibility (worn)
Jewellery
 p - an uncursed ring of protection from fire
Wands
 f - a wand of acid (7)
 v - a wand of iceblast (2)
 w - a wand of paralysis (21)
 x - a wand of enslavement (6)
Scrolls
 d - 2 scrolls of teleportation
 h - 9 scrolls of remove curse
 j - 2 scrolls of noise {unknown}
 m - a scroll of random uselessness {unknown}
Potions
 i - a potion of cancellation
 k - 5 potions of flight
 r - a potion of brilliance
 s - a potion of might
 t - a potion of magic
 z - 4 potions of degeneration {unknown}


   Skills:
 + Level 9.0 Fighting
 * Level 11.6 Maces & Flails
 * Level 10.3 Throwing
 + Level 8.2 Dodging
 + Level 2.3 Invocations


You had 11 spell levels left.
You didn't know any spells.
Your spell library contained the following spells:

 Spells                   Type           Power        Failure   Level
 Animate Skeleton         Necr           0%           38%         1
 Apportation              Tloc           0%           38%         1
 Foxfire                  Conj/Fire      0%           38%         1
 Pain                     Necr           0%           38%         1
 Conjure Flame            Conj/Fire      0%           77%         3
 Inner Flame              Hex/Fire       0%           77%         3
 Lesser Beckoning         Tloc           0%           77%         3
 Tukima's Dance           Hex            0%           77%         3
 Vampiric Draining        Necr           0%           77%         3
 Animate Dead             Necr           0%           99%         4
 Sticky Flame             Conj/Fire      0%           99%         4
 Agony                    Necr           0%           100%        5
 Alistair's Intoxication  Tmut/Pois      0%           100%        5
 Fireball                 Conj/Fire      0%           100%        5
 Invisibility             Hex            0%           100%        6


Dungeon Overview and Level Annotations

Branches:
Dungeon (12/15)            Temple (0/1) D:7            Lair (0/6) D:8
    Orc (0/2) D:9           Sewer (visited)

Altars:
Ashenzari
Dithmenos
Fedhas
Hepliaklqana
Kikubaaqudgha
Nemelex Xobeh
Okawaru
Ru
Sif Muna
Trog
Yredelemnul
Zin
The Shining One
Jiyva

Shops:
D:5 }


Innate Abilities, Weirdness & Mutations

You can breathe wild blasts of lightning.
Your glossy black scales are hard. (AC +8)
You cannot fit into any form of body armour.
You are resistant to electric shocks. (rElec)
You are cold-blooded and may be slowed by cold attacks.


Message History

You hit the phantasmal warrior but do no damage.
The phantasmal warrior hits you!!
You hit the phantasmal warrior.
The phantasmal warrior is lightly damaged.
The phantasmal warrior misses you.
You hit the phantasmal warrior but do no damage.
Your tail-slap misses the phantasmal warrior.
The phantasmal warrior is lightly damaged.
The phantasmal warrior hits you!!
* * * LOW HITPOINT WARNING * * *
You are too injured to fight recklessly!
You are too injured to fight recklessly!
You hit the phantasmal warrior but do no damage.
The phantasmal warrior is lightly damaged.
The phantasmal warrior hits you!
* * * LOW HITPOINT WARNING * * *
You sock the phantasmal warrior!
The phantasmal warrior is lightly damaged.
The phantasmal warrior hits you!!
You die...

.................................
##......###.##.......######......
....###.###.##.......# ##.##..
##..###......#.......# #####.##.#
##...#......##.....####........#
###........###...###...###.##.#
#######......###.......#####.##.#
.................W..............#
#######......##.@##########..##.#
#.............##.## #...#.......#
#.............##..###.....##....#
#.........†...##.........###....#
.......####.#.##.####...####....#
#.......##..#....# #........(..#
#.............#### #...##......#
.......###.##....# #....>......#
###.#### #..####.####.##(##(...##


You could see a phantasmal warrior.

Vanquished Creatures
  A vault guard (D:10)
  Harold (D:10)
  Erica (D:10)
  A two-headed ogre (D:8)
  Pikel (D:9)
  An ugly thing (D:10)
  An oklob plant (D:2)
  A cyclops (D:11)
  A troll (D:10)
  The ghost of hurricos the Poker, an amateur MfGl (D:3)
  A slime creature (D:11)
  A shadow (D:9)
  2 wraiths (D:11)
  15 yaks
  3 wyverns
  A steam dragon (D:10)
  Menkaure (D:7)
  A two-headed ogre zombie (D:9)
  7 orc warriors
  4 black bears
  10 ice beasts
  4 sky beasts
  4 phantoms
  4 ogres
  8 centaurs
  4 lemures
  2 big kobolds
  5 bullfrogs
  4 scorpions
  5 killer bees (D:7)
  A troll zombie (D:9)
  11 wights
  2 electric eels (D:8)
  2 bullfrog zombies
  2 quasits
  5 hounds
  A centaur zombie (D:6)
  2 bullfrog skeletons
  9 orc priests
  4 centaur skeletons
  7 jellies
  9 orc wizards
  4 iguanas
  Natasha (thrice) (D:2)
  10 worker ants
  6 ogre zombies (D:9)
  A worker ant zombie (D:5)
  8 gnolls (D:7)
  10 adders
  A howler monkey skeleton (D:8)
  3 river rats
  2 shadow imps
  4 white imps
  2 ufetubi
  3 oozes
  An adder skeleton (D:4)
  5 worms
  2 dart slugs
  3 leopard geckos
  29 orcs
  9 bats
  6 giant cockroaches
  4 goblins
  11 hobgoblins
  13 jackals
  16 kobolds
  2 quokkas
  4 ball pythons
  5 frilled lizards
  2 goblin skeletons (D:9)
  4 goblin zombies (D:9)
  2 hobgoblin skeletons (D:9)
  3 hobgoblin zombies (D:9)
  2 orc skeletons (D:9)
  12 orc zombies (D:9)
  14 rats
  A bush (D:7)
358 creatures vanquished.

Vanquished Creatures (others)
  A wight (D:7)
  A jackal (D:11)
  3 bushes (D:7)
  16 fungi (D:2)
  35 plants (D:2)
56 creatures vanquished.

Grand Total: 414 creatures vanquished

Notes
Turn   | Place    | Note
-------+----------+-------------------------------------------
     0 | D:1      | Zeld the Draconian Gladiator began the quest for the Orb.
     0 | D:1      | Reached XP level 1. HP: 17/17 MP: 1/1
   861 | D:1      | Reached XP level 2. HP: 25/25 MP: 2/2
  1330 | D:1      | Reached XP level 3. HP: 23/30 MP: 3/3
  1917 | D:2      | Reached XP level 4. HP: 27/37 MP: 4/4
  2167 | D:2      | Found a blossoming altar of Fedhas.
  2183 | D:2      | Noticed an oklob plant
  2319 | D:2      | Found a broken altar of Ashenzari.
  2404 | D:2      | Noticed Natasha
  2419 | D:2      | Killed Natasha
  2420 | D:2      | Reached skill level 4 in Maces & Flails
  3021 | D:2      | Noticed Natasha
  3035 | D:2      | Killed Natasha
  3036 | D:2      | Reached XP level 5. HP: 21/45 MP: 5/5
  3073 | D:2      | Noticed Natasha
  3086 | D:2      | Killed Natasha
  3307 | D:2      | Found a blossoming altar of Fedhas.
  3491 | D:2      | Found a broken altar of Ashenzari.
  4936 | D:3      | Found an iron altar of Okawaru.
  4936 | D:3      | Found a bloodstained altar of Trog.
  5496 | D:4      | Found a basalt altar of Yredelemnul.
  5651 | D:4      | Found a glowing drain.
  5667 | Sewer    | Entered a sewer
  5674 | Sewer    | Reached XP level 6. HP: 51/51 MP: 6/6
  5894 | Sewer    | Found a glowing silver altar of Zin.
  6029 | D:4      | Found an ancient bone altar of Kikubaaqudgha.
  6176 | D:4      | Reached skill level 5 in Maces & Flails
  7097 | D:4      | Found a runed translucent door.
  7101 | D:4      | Noticed hurricos's ghost (amateur MfGl)
  7145 | D:4      | Found a runed translucent door.
  7757 | D:5      | Entered Level 5 of the Dungeon
  7774 | D:5      | Your scales start taking on a glossy black colour.
  7774 | D:5      | Reached XP level 7. HP: 51/58 MP: 7/7
  7774 | D:5      | Gained mutation: You are resistant to electric shocks.
                  | (rElec) [Black Draconian growth]
  8120 | D:3      | Became a worshipper of Warmaster Okawaru
  8722 | D:3      | Found an iron altar of Okawaru.
  8722 | D:3      | Found a bloodstained altar of Trog.
  9165 | D:3      | Killed hurricos's ghost
 10467 | D:5      | Found a sparkling altar of Nemelex Xobeh.
 10527 | D:5      | Found Haoth's Gadget Shoppe.
 10531 | D:5      | Bought a wand of iceblast (4) for 112 gold pieces
 10531 | D:5      | Bought a wand of paralysis (2) for 56 gold pieces
 10531 | D:5      | Bought a wand of enslavement (8) for 140 gold pieces
 10582 | D:5      | Found a shadowy altar of Dithmenos.
 10626 | D:5      | Found a hazy altar of Hepliaklqana.
 10647 | D:5      | Reached skill level 6 in Maces & Flails
 11174 | D:6      | Reached skill level 5 in Dodging
 11174 | D:6      | Reached XP level 8. HP: 40/67 MP: 8/8
 12560 | D:6      | Reached skill level 5 in Throwing
 12625 | D:6      | Reached skill level 5 in Fighting
 13789 | D:6      | Found a sacrificial altar of Ru.
 13878 | D:6      | Found a shimmering blue altar of Sif Muna.
 15023 | D:7      | Reached skill level 7 in Maces & Flails
 16817 | D:7      | Reached XP level 9. HP: 55/74 MP: 9/9
 16962 | D:7      | Found an iron altar of Okawaru.
 18248 | D:6      | Reached * piety under Okawaru
 18576 | D:7      | Reached skill level 8 in Maces & Flails
 18580 | D:7      | Noticed Menkaure
 19616 | D:7      | Killed Menkaure
 19655 | D:7      | Found a staircase to the Ecumenical Temple.
 20155 | D:8      | Noticed a two-headed ogre
 20884 | D:8      | Found a glowing silver altar of Zin.
 21352 | D:8      | Killed a two-headed ogre
 21352 | D:8      | Reached ** piety under Okawaru
 21353 | D:8      | Reached skill level 9 in Maces & Flails
 21353 | D:8      | Reached XP level 10. HP: 84/84 MP: 10/10
 22095 | D:8      | Found a glowing golden altar of the Shining One.
 22170 | D:8      | Found a staircase to the Lair.
 22243 | D:9      | Found a staircase to the Orcish Mines.
 22274 | D:8      | Reached *** piety under Okawaru
 23883 | D:2      | Killed an oklob plant
 24979 | D:9      | Noticed Pikel
 25078 | D:9      | Paralysed by Pikel for 5 turns
 25088 | D:9      | Paralysed by Pikel for 6 turns
 25103 | D:9      | Killed Pikel
 25103 | D:9      | Reached **** piety under Okawaru
 25104 | D:9      | Reached skill level 10 in Maces & Flails
 25229 | D:9      | Paralysed by an orc for 3 turns
 25933 | D:10     | Entered Level 10 of the Dungeon
 26312 | D:10     | Received a gift from Okawaru
 26551 | D:10     | Received a gift from Okawaru
 26564 | D:10     | Noticed a vault guard
 26608 | D:10     | Killed a vault guard
 26609 | D:10     | Reached XP level 11. HP: 28/94 MP: 11/11
 27803 | D:10     | Found a portal to a secret trove of treasure.
 27816 | Trove    | Entered a treasure trove
 27934 | Trove    | Got a jewelled dagger
 27945 | Trove    | Got an encrusted shortbow
 27951 | Trove    | Got a bone war axe
 27999 | D:9      | Identified the +7 dagger of the Inferno {holy, rF+ Will-
                  | Int+8 Dex+6} (You found it in a treasure trove)
 28004 | D:9      | Identified the +6 shortbow of the Silent Majority {venom,
                  | rElec rN++ Str+3} (You found it in a treasure trove)
 28007 | D:9      | Identified the +9 war axe of Utzirauw {holy, *Noise rF++
                  | Str+3} (You found it in a treasure trove)
 28372 | D:11     | Noticed Erica
 29194 | D:10     | Killed Erica
 30761 | D:11     | Noticed a brown ugly thing
 31225 | D:10     | Reached skill level 11 in Maces & Flails
 32231 | D:10     | Killed a brown ugly thing
 35409 | D:11     | Reached skill level 10 in Throwing
 35409 | D:11     | Reached skill level 1 in Invocations
 35635 | D:11     | Noticed Harold
 36079 | D:10     | Killed Harold
 36591 | D:11     | Reached XP level 12. HP: 49/104 MP: 13/13
 36595 | D:11     | Found a viscous altar of Jiyva.
 37248 | D:12     | Noticed a death knight
 37257 | D:11     | HP: 5/104 [phantasmal warrior[a death knight] (16)]
 37258 | D:11     | Demolished by a phantasmal warrior

Illustrated notes

Levels and vault maps discovered:
D:1:      minmay_arrival_plants_in_alcoves, layout_loops_ring, chequers_jeans,
          minmay_heptomino_d4
D:2:      layout_loops_ring, tgw_fedhas, marbit_many_paths, uniq_natasha
D:3:      layout_loops_ring, gammafunk_temple_overflow_pools,
          minmay_misc_feat_rugged, kennysheep_generic_room_13
D:4:      layout_layer_cave, yredelemnul_altar_generic, kiku_gazebo_pond_becter,
          cheibrodos_sewer_entry_sluice, ebering_ghost_sewer_f,
          minmay_box_of_dots
D:5:      layout_loops_ring, kennysheep_mini, lemuel_round_altar,
          grunt_dithmenos_smoke_and_mirrors, serial_shops, shop
D:6:      layout_basic, kennysheep_little_box, lemuel_round_altar
D:7:      layout_cave_pools, minmay_temple_entry_from_below_a, serial_park,
          serial_park_paths [serial_park_minivault_5x5_4], serial_park_square2,
          serial_park_gazebo [serial_park_minivault_5x5_8],
          serial_park_tiny_pond, serial_park_tiny_2, serial_park_tiny_2,
          minmay_crossroads, uniq_menkaure
D:8:      layout_rooms, zin_academy, lemuel_crystal_altar, lair_entry_dummy,
          lightli_minifort
D:9:      layout_gridville, zombieorc2_lemuel, uniq_pikel
D:10:     minmay_spotlight, layout_basic, enter_trove_5
D:11:     layout_rooms, portal_ice_cave_entry_ice_beasts, jiyva_altar_1,
          uniq_harold, uniq_erica
D:12:     layout_cave_pods, grunt_decor_clamped

Skill      XL: |  1  2  3  4  5  6  7  8  9 10 11 |
---------------+----------------------------------+-----
Dodging        | 3 4 5 6 7 8 |  8.2
Throwing       | 2 3 4 6 7 9 10 | 10.3
Maces & Flails | 4 5 6 7 9 10 11 | 11.6
Fighting       | 3 4 5 6 8 9 |  9.0
Invocations    | 2 |  2.3

Action                   |  1- 3 |  4- 6 |  7- 9 | 10-12 || total
-------------------------+-------+-------+-------+-------++-------
Melee: Flail             |    89 |   233 |   313 |   555 ||  1190
       Tailslap          |    12 |    32 |    52 |    97 ||   193
       Punch             |       |       |       |     2 ||     2
Throw: Stone             |    29 |   219 |   182 |    70 ||   500
       Throwing net      |       |     4 |       |       ||     4
       Dart              |       |       |     6 |       ||     6
Invok: Heroism           |       |       |     1 |     6 ||     7
 Abil: Breathe Lightning |       |       |    40 |    37 ||    77
       Evoke Invisibilit |       |       |       |     1 ||     1
Evoke: Wand              |       |       |     6 |     2 ||     8
  Use: Scroll            |       |     2 |    13 |    15 ||    30
       Potion            |       |       |     6 |     5 ||    11
 Stab: Held in net/web   |       |     3 |       |       ||     3
       Paralysed         |       |       |     2 |       ||     2
       Invisible         |       |       |       |     3 ||     3
Armor: Skin              |    30 |    86 |    83 |   142 ||   341
Dodge: Dodged            |    90 |   195 |   355 |   490 ||  1130
